 Dungeon Crawl Stone Soup version 0.29.1-1-gd02db6906a (webtiles) character file.

Game seed: 11382196946641836645

206525 olmar the Bludgeoner (level 18, -15/127 HPs)
             Began as a Gargoyle Fighter on Sept 15, 2022.
             Was an Initiate of Gozag.
             Collided with a stone wall (16 damage)
             ... caused by a wretched star
             ... on level 3 of the Abyss on Sept 16, 2022.
             The game lasted 01:25:19 (42801 turns).

olmar the Bludgeoner (Gargoyle Fighter)            Turns: 42801, Time: 01:25:20

Health: -15/127    AC: 39    Str: 34    XL:     18   Next: 72%
Magic:  14/14      EV:  6    Int: 12    God:    Gozag
Gold:   63         SH: 19    Dex:  9    Spells: 17/17 levels left

rFire   + + .      SeeInvis .   R - +9 whip of Qaxyuf {drain, rCorr Int+3}
rCold   + + .      Faith    .   c - +0 tower shield {rC+}
rNeg    + . .      Spirit   .   a - +5 plate armour "Ceiphas" {rElec rF+}
rPois   ∞          Reflect  +   (helmet restricted)
rElec   +          Harm     .   (no cloak)
rCorr   +          Rampage  .   M - +0 pair of gloves
Will    ++...      Rage     9%  y - +0 pair of boots
Stlth   ..........              u - amulet of reflection
HPRegen 0.31/turn               F - +6 ring of strength
MPRegen 0.14/turn               Y - ring of willpower

@: about to teleport, resistant (expiring), on berserk cooldown, flying, slowed,
studying Armour, unable to drink, very slow
A: sickness immunity, AC +13, big wings, negative energy resistance 1,
electricity resistance, torment resistance 1, petrification resistance, horns 1,
[berserk 2], [low MP 2], [screaming 2], [inability to drink after injury 2]
}: 1/15 runes: abyssal
a: Renounce Religion, Potion Petition, Call Merchant, Bribe Branch


You were on level 3 of the Abyss.
You worshipped Gozag.
Gozag was noncommittal.
You visited 4 branches of the dungeon, and saw 24 of its levels.
You visited the Abyss 1 time.
You also visited: Ice Cave.

You collected 11822 gold pieces.
You spent 3144 gold pieces at shops.
You paid 8615 gold pieces to Gozag.

Inventory:

Hand Weapons
 g - a +3 demon whip of pain
 s - a +0 eveningstar of pain
 A - a +5 dire flail
 R - the +9 whip of Qaxyuf (weapon) {drain, rCorr Int+3}
   (You found it on level 15 of the Dungeon)

   A truly terrible weapon, it drains the life of any living foe it strikes.
   Int:       It affects your intelligence (+3).
   rCorr:     It protects you from acid and corrosion.
Missiles
 v - 4 javelins (quivered)
Armour
 a - the +5 plate armour "Ceiphas" (worn) {rElec rF+}
   (You bought it in a shop on level 11 of the Dungeon)

   rF:        It protects you from fire.
   rElec:     It insulates you from electricity.
 c - a +0 tower shield of cold resistance (worn)
 y - a +0 pair of boots (worn)
 E - a +2 helmet of see invisible
 J - a +2 ring mail of fire resistance
 M - a +0 pair of gloves (worn)
Jewellery
 b - a ring of ice
 d - a ring of protection from cold
 f - a ring of see invisible
 u - an amulet of reflection (around neck)
 F - a +6 ring of strength (left hand)
 O - a +6 ring of dexterity
 U - a ring of resist corrosion
 Y - a ring of willpower (right hand)
Wands
 z - a wand of digging (4)
Scrolls
 l - 2 scrolls of silence
 p - 2 scrolls of enchant armour
 r - 5 scrolls of enchant weapon
 t - a scroll of butterflies
 w - 3 scrolls of teleportation
 B - 2 scrolls of magic mapping
 C - 2 scrolls of poison
 K - a scroll of immolation
 P - 2 scrolls of brand weapon
 Q - a scroll of vulnerability
 S - 6 scrolls of amnesia
 W - a scroll of noise
 X - a scroll of fear
Potions
 e - 4 potions of attraction
 h - 4 potions of magic
 m - 4 potions of mutation
 o - 4 potions of brilliance
 D - 4 potions of cancellation
 N - 2 potions of resistance
Miscellaneous
 n - a box of beasts (inert)
 H - a condenser vane (inert)


   Skills:
 + Level 18.9 Fighting
 + Level 19.7 Maces & Flails
 - Level 1.9 Throwing
 + Level 16.8 Armour
 + Level 1.7 Dodging
 - Level 5.7 Stealth
 + Level 9.4 Shields
 + Level 5.6 Evocations


You had 17 spell levels left.
You didn't know any spells.
Your spell library contained the following spells:

 Spells                   Type           Power      Damage    Failure   Level
 Apportation              Tloc           0%         N/A       100%        1
 Beastly Appendage        Tmut           0%         N/A       100%        1
 Magic Dart               Conj           0%         1d3       100%        1
 Summon Small Mammal      Summ           0%         N/A       100%        1
 Blink                    Tloc           0%         N/A       100%        2
 Call Imp                 Summ           0%         N/A       100%        2
 Poisonous Vapours        Pois/Air       0%         N/A       100%        2
 Static Discharge         Conj/Air       0%         3-3/arc   100%        2
 Wereblood                Tmut           0%         N/A       100%        2
 Call Canine Familiar     Summ           0%         N/A       100%        3
 Dazzling Flash           Conj/Hex       0%         N/A       100%        3
 Gell's Gravitas          Tloc           0%         N/A       100%        3
 Lesser Beckoning         Tloc           0%         N/A       100%        3
 Mephitic Cloud           Conj/Pois/Air  0%         N/A       100%        3
 Ozocubu's Armour         Ice            0%         N/A       100%        3
 Portal Projectile        Hex/Tloc       0%         N/A       100%        3
 Spider Form              Tmut/Pois      0%         N/A       100%        3
 Summon Guardian Golem    Hex/Summ       0%         N/A       100%        3
 Teleport Other           Tloc           0%         N/A       100%        3
 Dispel Undead            Necr           0%         3d6       100%        4
 Iskenderun's Mystic Bla  Conj/Tloc      0%         2d3       100%        4
 Leda's Liquefaction      Hex/Erth       0%         N/A       100%        4
 Petrify                  Tmut/Erth      0%         N/A       100%        4
 Sticky Flame             Conj/Fire      0%         2d3       100%        4
 Alistair's Intoxication  Tmut/Pois      0%         N/A       100%        5
 Irradiate                Conj/Tmut      0%         3d11      100%        5
 Manifold Assault         Tloc           0%         N/A       100%        5
 Metabolic Englaciation   Hex/Ice        0%         N/A       100%        5
 Summon Forest            Summ/Tloc      0%         N/A       100%        5
 Eringya's Noxious Bog    Tmut/Pois      0%         N/A       100%        6
 Starburst                Conj/Fire      0%         6d3       100%        6
 Storm Form               Tmut/Air       0%         N/A       100%        7
 Summon Hydra             Summ           0%         N/A       100%        7
 Sublimation of Blood     Necr           Unusable   N/A       N/A         2
 Corpse Rot               Necr/Pois/Air  Unusable   N/A       N/A         4
 Simulacrum               Ice/Necr       Unusable   N/A       N/A         6

Dungeon Overview and Level Annotations

Branches:
Dungeon (15/15)            Temple (0/1) D:6            Lair (5/5) D:10
 Shoals (0/4) Lair:2       Spider (0/4) Lair:2        Slime (0/5) Lair:4
    Orc (2/2) D:9             Elf (2/3) Orc:2        Vaults (0/5) D:14
 Depths (0/4) D:15          IceCv (visited)

Altars:
Gozag
Kikubaaqudgha
Makhleb
Nemelex Xobeh
Qazlal
Sif Muna
Uskayaw
Xom
Yredelemnul
Zin
The Shining One
Jiyva

Shops:
D:3 *   D:11 *   D:14 ([   Orc:2 ([*!(   Elf:1 :   Elf:2 *!

Annotations:
D:9 3 runed translucent doors, elisander's ghost, novice DgFi
D:14 2 transporters


Innate Abilities, Weirdness & Mutations

You are immune to sickness and miasma.
Your stone body is resilient. (AC +13)
You are immune to poison.
Your large and strong wings let you fly.
You resist negative energy. (rN+)
You are resistant to electric shocks. (rElec)
You are resistant to unholy torment.
You are immune to petrification.
You have a pair of small horns on your head.
[You have an uncontrollable temper.]
[Your magical capacity is very low. (-20% MP)]
[You frequently scream uncontrollably at your foes.]
[You sometimes lose the ability to drink potions when taking damage.]


Message History

The freezing wraith barely misses your butterfly.
Unknown command.
You start to feel less resistant.
The death knight hits your butterfly with a +0 great sword!!!
Your butterfly dies!
Your butterfly disappears in a burst of colours!
The satyr plays a frightful melody on his pipes!
The satyr radiates an aura of fear!
You are unaffected.
Your butterfly looks frightened!
The death knight hits your butterfly with a +0 great sword!!
Your butterfly dies!
Your butterfly disappears in a burst of colours!
The tentacled starspawn completely misses you.
You block the tentacled starspawn's attack.
Unknown command.
Okay, then.
As you read the scroll of fear, it crumbles to dust.
You assume a fearsome visage.
The satyr looks frightened!
The wretched star is unaffected.
The tentacled starspawn is unaffected.
The death knight looks frightened!
The freezing wraith is unaffected.
Your butterfly looks sick.
Tentacles burst from the starspawn's body! 2 starspawn tentacles come into view.
Unknown command.
Unknown command.
Unknown command.
You swap places.
The freezing wraith hits your butterfly!
Your butterfly dies!
Your butterfly disappears in a burst of colours!
You block the tentacled starspawn's attack. x2
Cornered, the satyr turns to fight!
The wretched star glows turbulently.
The lance of force hits you.
* * * LOW HITPOINT WARNING * * *
You are knocked back by the lance of force.
You slam into the stone wall!
You feel threatened and lose the ability to drink potions!
You die...
Your body crumbles into a pile of gold.

# .. . .#
#..### .# #
...... .#..#
#...#####......
##wb@##
##..Xw*#
#p.W#W..#
##.....## #
##...'##
$.#####c# #...
##x# # ##.
.#W$## #.∩.'WW#


You could see a tentacled starspawn, a death knight (fleeing), a wretched star,
a satyr, an ancient zyme, 2 freezing wraiths and 2 starspawn tentacles.

Vanquished Creatures
  A tentacled monstrosity (Abyss:2)
  A thorn hunter (Abyss:3)
  4 tentacled starspawn
  A frost giant (IceCv)
  2 orc warlords
  An ironbound preserver (D:14)
  A stone giant (D:15)
  Azrael (Orc:2)
  A dire elephant (Lair:5)
  A merfolk javelineer (Abyss:3)
  Erolcha (D:9)
  2 catoblepae
  10 hydras
  A spriggan skeleton (Abyss:2)
  3 boulder beetles
  9 centaur warriors
  6 two-headed ogres
  20 death yaks
  6 dancing weapons
  2 thrashing horrors (Abyss:3)
  5 tengu warriors
  4 orc high priests (Orc:2)
  Urug (Lair:1)
  A wretched star (Abyss:2)
  A shadow wraith (Abyss:2)
  3 deep elf knights (Elf:1)
  6 skeletal warriors
  3 lindwurms (Lair:5)
  10 deep elf archers
  Pikel (D:4)
  9 deep elf zephyrmancers
  19 deep elf pyromancers
  An oklob plant (D:10)
  A necromancer (D:14)
  7 cyclopes
  8 orc knights
  4 manticores
  6 orc sorcerers
  A worldbinder (Abyss:2)
  7 ugly things (D:14)
  Joseph (D:8)
  2 torpor snails
  12 elephants
  2 apocalypse crabs
  5 black mambas
  A guardian serpent (Abyss:3)
  A smoke demon (Abyss:3)
  A dire elephant zombie (Abyss:2)
  An ice statue (IceCv)
  A merfolk siren (Lair:2)
  Maggie (D:8)
  3 gargoyles
  Psyche (D:8)
  6 efreet
  11 rime drakes
  An unseen horror (D:11)
  11 cane toads
  3 tengu conjurers
  A tormentor (Abyss:3)
  An ancient zyme (Abyss:3)
  12 komodo dragons
  17 polar bears
  A hornet (D:10)
  11 trolls
  A wolf spider simulacrum (D:12)
  5 raiju
  14 blink frogs
  4 slime creatures
  2 dream sheep (Lair:5)
  3 centaur simulacra
  5 flying skulls (Abyss:3)
  A water elemental (Elf:1)
  6 wyverns
  A wraith (D:11)
  2 vampires
  A ynoxinul (Abyss:2)
  5 fire elementals
  50 yaks
  3 basilisks
  A large abomination (Abyss:2)
  A neqoxec (Abyss:2)
  13 vampire mosquitoes
  Eustachio (D:6)
  11 wargs
  Edmund (D:6)
  3 acid dragons
  17 hell hounds
  15 water moccasins
  2 ice beasts
  51 orc warriors
  14 starcursed masses (Abyss:3)
  12 black bears
  26 wolves
  3 small abominations (Abyss:2)
  10 ogres
  26 centaurs
  2 phantoms
  14 bullfrogs
  2 necrophages
  2 scorpions
  8 wights
  6 killer bees
  12 howler monkeys
  4 electric eels
  A crimson imp (D:8)
  2 quasits (Abyss:2)
  2 hounds
  4 jellies
  A gnoll bouda (D:10)
  35 orc priests
  2 iguanas
  An iron imp (Abyss:3)
  4 hell rats (Lair:2)
  21 orc wizards
  Robin (D:3)
  5 adders
  15 gnolls
  A shadow imp (D:7)
  6 white imps
  5 ufetubi (D:12)
  A worm (D:2)
  3 dart slugs
  114 orcs
  8 endoplasms
  5 giant cockroaches
  10 goblins
  7 hobgoblins
  6 jackals
  4 quokkas
  8 ball pythons
  3 bats
  2 frilled lizards (D:2)
  5 kobolds
  A rat (D:1)
  A lurking horror (Abyss:3)
  A starspawn tentacle (Abyss:2)
924 creatures vanquished.

Vanquished Creatures (collateral kills)
  A satyr (Abyss:3)
  A thrashing horror (Abyss:3)
  A wretched star (Abyss:3)
  A mana viper (Abyss:3)
  A worldbinder (Abyss:3)
  An ancient zyme (Abyss:3)
  A flying skull (Abyss:3)
  A ynoxinul (Abyss:3)
  2 killer bees (D:8)
  2 starcursed masses (Abyss:3)
  A white imp (D:8)
13 creatures vanquished.

Vanquished Creatures (others)
  A deep elf knight (Elf:1)
  A deep elf pyromancer (Elf:2)
  2 deep elf zephyrmancers (Elf:1)
  A large abomination (Abyss:3)
  2 slime creatures (D:15)
  An orc (D:12)
  17 fungi
  34 plants
  20 starspawn tentacles
79 creatures vanquished.

Grand Total: 1016 creatures vanquished

Notes
Turn   | Place    | Note
-------+----------+-------------------------------------------
     0 | D:1      | olmar the Gargoyle Fighter began the quest for the Orb.
     0 | D:1      | Reached XP level 1. HP: 14/14 MP: 1/1
   150 | D:1      | Reached XP level 2. HP: 11/19 MP: 2/2
   680 | D:1      | Found a faded altar of an unknown god.
  1104 | D:2      | Found an opulent altar of Gozag.
  1115 | D:2      | Reached XP level 3. HP: 23/23 MP: 3/3
  1115 | D:2      | Became a worshipper of Gozag Ym Sagoz the Greedy
  1852 | D:2      | Reached XP level 4. HP: 28/28 MP: 4/4
  1983 | D:3      | Identified the +5 dagger of Cheibriados's Hatred {spect,
                  | Int+2}
  2060 | D:3      | Found Zin's Purification Station.
  2069 | D:3      | Found a glowing silver altar of Zin.
  2073 | D:3      | Bought a potion of curing for 90 gold pieces
  2108 | D:3      | Reached skill level 3 in Maces & Flails
  2355 | D:3      | Found Feziwir's Assorted Antiques.
  2389 | D:3      | Noticed Robin
  2484 | D:3      | Killed Robin
  3425 | D:4      | Noticed Pikel
  3428 | D:4      | Noticed a lemure
  3430 | D:4      | Noticed a lemure
  3435 | D:4      | Noticed a lemure
  3440 | D:4      | Noticed a lemure
  3444 | D:4      | Killed Pikel
  3445 | D:4      | Reached skill level 5 in Maces & Flails
  3445 | D:4      | Reached skill level 1 in Stealth
  3445 | D:4      | Reached XP level 5. HP: 15/34 MP: 5/5
  3445 | D:4      | Reached XP level 6. HP: 18/39 MP: 6/6
  3445 | D:4      | Reached XP level 7. HP: 20/44 MP: 7/7
  3447 | D:4      | Reached skill level 1 in Dodging
  3799 | D:4      | Reached skill level 5 in Armour
  3799 | D:4      | Reached skill level 5 in Shields
  4308 | D:5      | Entered Level 5 of the Dungeon
  4957 | D:5      | Reached XP level 8. HP: 47/48 MP: 8/8
  5298 | D:6      | Found a staircase to the Ecumenical Temple.
  5324 | D:6      | Reached skill level 6 in Maces & Flails
  5366 | D:6      | Reached skill level 5 in Fighting
  5936 | D:6      | Reached XP level 9. HP: 54/54 MP: 9/9
  5940 | D:6      | Reached skill level 7 in Maces & Flails
  5966 | D:6      | Noticed Edmund
  5985 | D:6      | Killed Edmund
  6167 | D:6      | Found a shimmering blue altar of Sif Muna.
  6209 | D:6      | Found an ancient bone altar of Kikubaaqudgha.
  6233 | D:6      | Found a hide-covered altar of Uskayaw.
  6321 | D:6      | Noticed Eustachio
  6350 | D:6      | Killed Eustachio
  6538 | D:7      | Reached skill level 8 in Maces & Flails
  6774 | D:7      | Found a basalt altar of Yredelemnul.
  6891 | D:7      | Reached skill level 9 in Maces & Flails
  7669 | D:8      | Noticed Joseph
  7670 | D:8      | Noticed Maggie
  7686 | D:8      | Killed Joseph
  7687 | D:8      | Reached skill level 10 in Maces & Flails
  7687 | D:8      | Reached XP level 10. HP: 43/61 MP: 10/10
  7694 | D:8      | Noticed Psyche
  7698 | D:8      | Paralysed by something for 2 turns
  7700 | D:8      | Noticed a two-headed ogre
  7708 | D:8      | Killed Psyche
  7714 | D:8      | Killed a two-headed ogre
  7715 | D:8      | Reached skill level 1 in Evocations
  7718 | D:8      | Killed Maggie
  8332 | D:8      | Found a burning altar of Makhleb.
  8332 | D:8      | Found a shimmering altar of Xom.
  8512 | D:9      | Noticed a centaur warrior
  8512 | D:9      | Noticed a tengu warrior
  8512 | D:9      | Noticed elisander's ghost (novice DgFi)
  8609 | D:9      | Noticed a water nymph
  8640 | D:9      | a water nymph changed into a slime creature
  8641 | D:9      | Found a runed translucent gate.
  8642 | D:9      | Found a runed translucent gate.
  8646 | D:9      | Found a runed translucent gate.
  8751 | D:9      | Found a staircase to the Orcish Mines.
  8756 | D:9      | Reached skill level 11 in Maces & Flails
  9161 | D:9      | Reached skill level 12 in Maces & Flails
  9161 | D:9      | Reached XP level 11. HP: 68/68 MP: 11/11
  9322 | D:9      | Reached skill level 1 in Throwing
  9615 | D:9      | Noticed Erolcha
  9633 | D:9      | Killed Erolcha
 10066 | D:9      | Noticed a dire elephant
 10075 | D:9      | Noticed a minotaur
 10075 | D:9      | a dire elephant changed into a minotaur
 10080 | D:10     | Entered Level 10 of the Dungeon
 10595 | D:10     | Found a staircase to the Lair.
 11159 | D:10     | Noticed an oklob plant
 11786 | Lair:1   | Entered Level 1 of the Lair of Beasts
 11816 | Lair:1   | Noticed Urug
 12114 | Lair:1   | Killed Urug
 12115 | Lair:1   | Reached skill level 13 in Maces & Flails
 12896 | Lair:1   | Noticed an eight-headed hydra
 13694 | Lair:1   | Reached XP level 12. HP: 77/77 MP: 12/12
 14288 | Lair:1   | Killed an eight-headed hydra
 14289 | Lair:1   | Reached skill level 10 in Fighting
 15263 | Lair:2   | Reached skill level 14 in Maces & Flails
 15585 | Lair:2   | Noticed a catoblepas
 15671 | Lair:2   | Killed a catoblepas
 16110 | Lair:2   | Found a hole to the Spider Nest.
 16427 | Lair:2   | Found a staircase to the Shoals.
 16667 | Lair:3   | You fall into a shaft and drop 2 floors!
 16667 | Lair:5   | Entered Level 5 of the Lair of Beasts
 16667 | Lair:5   | Noticed a seven-headed hydra
 16675 | Lair:5   | Killed a seven-headed hydra
 16920 | Lair:5   | Reached skill level 5 in Stealth
 17114 | Lair:5   | Noticed a death yak
 17115 | Lair:5   | Noticed a death yak
 17116 | Lair:5   | Noticed a death yak
 17116 | Lair:5   | Noticed a death yak
 17116 | Lair:5   | Noticed a death yak
 17116 | Lair:5   | Noticed a death yak
 17131 | Lair:4   | Noticed a six-headed hydra
 17147 | Lair:4   | Killed a death yak
 17152 | Lair:4   | Killed a six-headed hydra
 17153 | Lair:4   | Reached skill level 15 in Maces & Flails
 17153 | Lair:4   | Reached XP level 13. HP: 49/84 MP: 13/13
 17359 | Lair:4   | Found a staircase to the Slime Pits.
 17373 | Lair:4   | Found a glowing golden altar of the Shining One.
 17988 | Lair:3   | Reached skill level 10 in Armour
 19802 | D:11     | Bought a brightly glowing plate armour for 588 gold pieces
 19802 | D:11     | Identified the +5 plate armour "Ceiphas" {rElec rF+} (You
                  | bought it in a shop on level 11 of the Dungeon)
 20662 | D:12     | Found a frozen archway.
 20681 | IceCv    | Entered an ice cave
 20711 | IceCv    | Reached skill level 16 in Maces & Flails
 22209 | IceCv    | Gained mutation: Your large and strong wings let you fly.
                  | [Gargoyle growth]
 22209 | IceCv    | Reached XP level 14. HP: 61/94 MP: 14/14
 22499 | IceCv    | Noticed a frost giant
 22513 | IceCv    | Killed a frost giant
 22829 | Orc:1    | Entered Level 1 of the Orcish Mines
 22954 | Orc:1    | Noticed an orc warlord
 22975 | Orc:1    | Killed an orc warlord
 23163 | Orc:1    | Paralysed by an orc sorcerer for 5 turns
 23301 | Orc:2    | Entered Level 2 of the Orcish Mines
 23843 | Orc:2    | Noticed Azrael
 23859 | Orc:2    | Killed Azrael
 25955 | Orc:2    | Found a staircase to the Elven Halls.
 26043 | Orc:2    | Reached skill level 17 in Maces & Flails
 26068 | Orc:2    | Noticed an orc warlord
 26115 | Orc:2    | Killed an orc warlord
 26504 | Orc:2    | Found Soiwesuc's Antique Weapon Emporium.
 26672 | Orc:2    | Bought a runed demon whip for 540 gold pieces
 26715 | Orc:2    | Found Ikoetwyopn's Distillery.
 26771 | Orc:2    | Bought a potion of haste for 120 gold pieces
 26771 | Orc:2    | Bought a potion of curing for 36 gold pieces
 26771 | Orc:2    | Bought a potion of curing for 36 gold pieces
 26771 | Orc:2    | Bought a potion of might for 48 gold pieces
 27562 | Orc:2    | Reached XP level 15. HP: 101/101 MP: 15/15
 27634 | Orc:2    | Reached skill level 15 in Fighting
 27681 | Orc:2    | Found Qod Joagh's Book Emporium.
 27693 | Orc:2    | Found Saxapaejao's Antique Weapon Shoppe.
 30471 | Lair:5   | Found a stormy altar of Qazlal.
 31235 | Lair:5   | Reached skill level 18 in Maces & Flails
 32314 | Lair:5   | Reached XP level 16. HP: 90/111 MP: 16/16
 34445 | D:13     | You are sucked into a shaft and drop 2 floors!
 34445 | D:15     | Entered Level 15 of the Dungeon
 34982 | D:14     | Found a transporter.
 36657 | D:14     | Bought a +2 helmet of see invisible for 322 gold pieces
 37084 | D:14     | Found a gate to the Vaults.
 37466 | D:14     | Reached skill level 15 in Armour
 37500 | D:14     | Reached skill level 19 in Maces & Flails
 38004 | D:14     | Found a transporter.
 38076 | D:14     | Found a viscous altar of Jiyva.
 38132 | D:14     | Noticed an azure jelly
 39219 | D:15     | Found a sparkling altar of Nemelex Xobeh.
 39582 | D:15     | Identified the +9 whip of Qaxyuf {drain, rCorr Int+3}
 39590 | D:15     | Found a staircase to the Depths.
 40068 | Elf:1    | Entered Level 1 of the Elven Halls
 40160 | Elf:1    | Identified a scroll of acquirement
 40165 | Elf:1    | Reached skill level 5 in Evocations
 40165 | Elf:1    | Reached XP level 17. HP: 120/120 MP: 17/17
 40221 | Elf:1    | Reached XP level 18. HP: 92/125 MP: 18/18
 40662 | Orc:2    | Acquired 863 gold pieces
 40669 | Orc:2    | Bought a scroll of fear for 164 gold pieces
 40880 | Elf:1    | Identified the +0 plate armour of the Rose {Will+ Slay+2}
 41490 | Elf:1    | Found Pehokhurro's Book Boutique.
 41534 | Elf:1    | Bought a manual of Armour for 1200 gold pieces
 41781 | Elf:2    | Found Etey's General Store.
 41828 | Elf:2    | Found Jukafo's Distillery.
 41831 | Abyss:2  | Found a corrupted altar of Lugonu.
 41831 | Abyss:2  | Cast into level 2 of the Abyss (a deep elf sorcerer)
 42255 | Abyss:2  | Gained mutation: You have a pair of small horns on your
                  | head. [a neqoxec]
 42388 | Abyss:2  | Noticed a tentacled monstrosity
 42408 | Abyss:2  | Killed a tentacled monstrosity
 42755 | Abyss:3  | Paralysed by accursed screaming for 2 turns
 42794 | Abyss:3  | Got an abyssal rune of Zot
 42797 | Abyss:3  | HP: 2/127 [death knight/+0 great sword (5)]
 42801 | Abyss:3  | Collided with a stone wall

Illustrated notes

Levels and vault maps discovered:
D:1:      dpeg_arrival_shrine, layout_basic, shapermc_ecumenical_altar_pompeii
D:2:      layout_loops_cross, basic_altar
D:3:      layout_basic, zin_purify, serial_shops, nicolae_shop_trees, uniq_robin
D:4:      layout_loops_ring, hangedman_decor_lopped, uniq_pikel
D:5:      layout_basic
D:6:      layout_rooms, grunt_temple_overflow_open, minmay_temple_entry_grid,
          uniq_eustachio, uniq_edmund
D:7:      layout_loops_ring, mainiacjoe_overflow_small_starburst
D:8:      layout_loops_ring, grunt_temple_overflow_champion_of_chaos,
          uniq_joseph, uniq_maggie, uniq_psyche
D:9:      layout_loops_corners, erik_orc_3, gammafunk_ghost_split, uniq_erolcha
D:10:     layout_rooms, erik_lair_orcish_takeover, dpeg_stationary_puzzle
D:11:     layout_cross
D:12:     layout_roguey [special_room_orc], serial_ice, serial_ice_j,
          serial_ice_g, serial_ice_e, serial_ice_a, serial_ice_c, serial_ice_o,
          portal_ice_cave_rime
D:13:     minmay_octagon_keep, layout_basic
D:14:     gammafunk_jiyva_shrine, layout_long_grid,
          skrybe_vaults_entry_preservation, grunt_decor_clamped,
          chequers_garden, statue_in_the_mist_lemuel, minivault_10,
          minmay_librarian
D:15:     grunt_enter_depths_snipers, layout_rooms,
          chequers_serial_rivers_large_a, nemelex_spade_bored_becter
Lair:1:   layout_chaotic_city, beast_lair_carwin_8, grunt_megastairs_3,
          infiniplex_staircase_pool_2, serial_bayou_shore_a, uniq_urug
Lair:2:   layout_cave_pods, minmay_shoals_entry_lonely_mermaid,
          dummy_spider_entry
Lair:3:   layout_cave_pods, nicolae_lair_grove_arrangements,
          serial_bayou_shore_b, grunt_megastairs_2, infiniplex_staircase_pool,
          lemuel_fruit_tree
Lair:4:   layout_hall_layers, slime_entry_1, basic_altar, grunt_megastairs_1,
          lemuel_fruit_fields
Lair:5:   hangedman_lair_in_review, layout_gridlike,
          hangedman_lair_caniforms_friends, basic_altar, lookout_lair_type,
          chequers_serial_rivers_micro_b
Orc:1:    layout_diamond_mine, serial_shops,
          nicolae_shop_temple_entry_statues_fountains, uniq_josephine
Orc:2:    pubby_orc_utopia, uniq_azrael
Elf:1:    layout_loops_cross, serial_shops, shop, minivault_28,
          lemuel_upstairs_altar
Elf:2:    elven_hall_of_blades_hangedman_original [nicolae_blade_lattice],
          layout_geoelf_octagon, minmay_shop_star
Abyss:3:  base: Spider:4, base: D:2, spicy_abyss_unhelpful_harpoons,
          evilmike_abyss_exit_kraken, hangedman_stitches_earthworm,
          hangedman_abyss_or_decor_passed, minivault_11,
          nicolae_abyss_rune_left_handed

Skill      XL: |  1  2  3  4  5  6  7  8  9 10 11 12 13 14 15 16 17 18 |
---------------+-------------------------------------------------------+-----
Shields        | 4 5 6 9 |  9.4
Maces & Flails | 5 6 10 12 13 15 16 17 18 19 | 19.7
Fighting       | 4 5 6 8 9 11 13 14 16 18 | 18.9
Armour         | 4 5 6 7 8 9 11 12 14 15 16 | 16.8
Stealth        | 1 2 4 5 |  5.7
Dodging        | 1 |  1.7
Evocations     | 1 2 3 4 5 |  5.6
Throwing       | 1 |  1.9

Action                   |  1- 3 |  4- 6 |  7- 9 | 10-12 | 13-15 | 16-18 || total
-------------------------+-------+-------+-------+-------+-------+-------++-------
Melee: Flail             |    94 |   120 |     1 |       |       |       ||   215
       Whip              |       |       |   269 |       |       |   543 ||   812
       Mace              |       |       |    22 |       |       |       ||    22
       Dire flail        |       |       |   182 |   576 |  1555 |   601 ||  2914
       Headbutt          |       |       |       |       |       |    36 ||    36
Throw: Throwing net      |       |       |     2 |     5 |     2 |       ||     9
       Javelin           |       |       |       |    11 |    26 |     7 ||    44
Invok: Potion Petition   |       |       |     1 |     3 |     2 |     2 ||     8
       Call Merchant     |       |       |       |       |     1 |     4 ||     5
Evoke: Wand              |       |       |     7 |    26 |    23 |    18 ||    74
       Condenser vane    |       |       |       |       |     2 |     3 ||     5
       Box of beasts     |       |       |       |       |       |     2 ||     2
  Use: Potion            |       |     2 |     7 |     7 |    10 |    13 ||    39
       Scroll            |       |       |     5 |    12 |     9 |    17 ||    43
 Stab: Distracted        |       |     1 |     1 |     2 |    18 |     8 ||    30
       Sleeping          |       |       |       |     4 |     1 |       ||     5
       Held in net/web   |       |       |       |       |     1 |       ||     1
       Invisible         |       |       |       |       |     2 |     1 ||     3
Armor: Scale mail        |     6 |       |       |       |       |       ||     6
       Chain mail        |    38 |    99 |   127 |       |       |       ||   264
       Ring mail         |       |       |    42 |   216 |    74 |       ||   332
       Plate armour      |       |       |       |       |   715 |   725 ||  1440
       Skin              |       |       |       |       |     7 |       ||     7
Dodge: Dodged            |    39 |    35 |   112 |   196 |   350 |   222 ||   954
Block: Buckler           |    18 |    53 |    99 |       |       |       ||   170
       Reflection        |       |     1 |     2 |       |     8 |    55 ||    66
       Other             |       |       |    42 |   100 |   260 |   120 ||   522
       Tower shield      |       |       |       |       |       |   403 ||   403
